 Dungeon Crawl Stone Soup version 0.29.0-11-gd7f09526c8 (webtiles) character file.

Game seed: 18107261074261162721

146 keekatzer the Trooper (level 5, -1/48 HPs)
             Began as a Draconian Monk on Sept 6, 2022.
             Slain by an orc
             ... wielding a +0 morningstar
              (8 damage)
             ... on level 3 of the Dungeon.
             The game lasted 00:09:01 (1728 turns).

keekatzer the Trooper (Draconian Monk)              Turns: 1728, Time: 00:09:01

Health: -1/48      AC:  5    Str: 13    XL:     5   Next: 7%
Magic:  5/5        EV: 13    Int: 11    God:
Gold:   110        SH:  0    Dex: 15    Spells: 4/4 levels left

rFire   . . .      SeeInvis .   a - +0 spear
rCold   . . .      Faith    .   (no shield)
rNeg    . . .      Spirit   .   (body armour unavailable)
rPois   .          Reflect  .   (helmet restricted)
rElec   .          Harm     .   (no cloak)
rCorr   .          Rampage  .   (no gloves)
Will    .....                   (no boots)
Stlth   ++........              (no amulet)
HPRegen 0.16/turn               (no ring)
MPRegen 0.09/turn               (no ring)

@: no status effects
A: AC +5, unfitting armour, cold-blooded
a: no special abilities


You were on level 3 of the Dungeon.
You visited 1 branch of the dungeon, and saw 3 of its levels.

You collected 110 gold pieces.

Inventory:

Hand Weapons
 a - a +0 spear (weapon)
Magical Staves
 g - a staff of cold
Scrolls
 c - 5 scrolls of identify {unknown}
 d - a scroll of acquirement {unknown}
 e - 4 scrolls of teleportation {unknown}
 h - a scroll of blinking {unknown}
 k - 2 scrolls of amnesia {unknown}
 m - a scroll of silence {unknown}
 n - a scroll of fear {unknown}
Potions
 b - a potion of ambrosia
 f - 2 potions of brilliance {unknown}
 i - 2 potions of degeneration {unknown}
 j - a potion of heal wounds {unknown}
 l - a potion of attraction {unknown}
 o - a potion of mutation {unknown}
 p - a potion of berserk rage {unknown}
 q - a potion of cancellation {unknown}


   Skills:
 + Level 5.1 Fighting
 - Level 3.0 Polearms
 + Level 4.1 Dodging
 - Level 1.7 Stealth


You had 4 spell levels left.
You didn't know any spells.
Your spell library contained the following spells:

 Spells                   Type           Power      Damage    Failure   Level
 Foxfire                  Conj/Fire      0%         2x1d4     34%         1
 Conjure Flame            Conj/Fire      0%         6-21      71%         3
 Inner Flame              Hex/Fire       0%         N/A       71%         3
 Flame Wave               Conj/Fire      0%         2d4       98%         4
 Chain Lightning          Conj/Air       0%         N/A       100%        9
 Fire Storm               Conj/Fire      0%         5d1       100%        9
 Shatter                  Erth           0%         3d5*      100%        9


Dungeon Overview and Level Annotations

Branches:
Dungeon (3/15)

Altars:


Innate Abilities, Weirdness & Mutations

Your plain brown scales are hard. (AC +5)
You cannot fit into any form of body armour.
You are cold-blooded and may be slowed by cold attacks.


Message History

The orc attacks as you move away! The orc closely misses you.
There is an open door here.
The orc attacks as you move away!
The orc hits you with a +1 dagger of protection.
You hit the orc but do no damage. The orc hits you but does no damage.
You barely miss the orc. The orc hits you but does no damage.
You closely miss the orc.
You tail-slap the orc, but do no damage.
You hit the orc but do no damage. You hit the orc.
The orc is almost dead.
The orc barely misses you.
You hit the orc.
You kill the orc!
The orc hits you with a +0 hand axe.
You closely miss the orc.
The orc is heavily wounded.
The orc hits you with a +0 hand axe.
* * * LOW HITPOINT WARNING * * *
You hit the orc.
The orc is almost dead.
You hit the orc.
You kill the orc!
You hit the orc.
The orc is heavily wounded.
The orc misses you. The orc hits you with a +0 whip.
* * * LOW HITPOINT WARNING * * *
You barely miss the orc.
Your tail-slap misses the orc.
The orc is heavily wounded.
The orc barely misses you. The orc hits you with a +0 whip.
* * * LOW HITPOINT WARNING * * *
You barely miss the orc. You tail-slap the orc.
You kill the orc!
The orc hits you with a +0 morningstar.
* * * LOW HITPOINT WARNING * * *
You hit the orc but do no damage. The orc barely misses you.
You hit the orc but do no damage.
You tail-slap the orc, but do no damage.
The orc hits you with a +0 morningstar!
You die...

..#########...........#
.....)........#†#####.#
......................#
............##.........
........)...##........#
####
#......†o..##.........
#....
#.......############.#
#.....######)## .
#...........o@# .≈≈≈..#
#..........#..# ≈≈≈≈≈.#
#.............# ≈≈≈≈≈.#
#.............# ≈≈≈≈≈.#
#.........#...# .≈≈≈..#
#.........#...##.....##
######....##...........
#....##.##........
####....##.##........


You could see an orc.

Vanquished Creatures
  An orc wizard (D:3)
  Jessica (D:2)
  2 adders
  A worm (D:2)
  2 dart slugs
  3 orcs (D:3)
  4 endoplasms
  2 giant cockroaches
  6 hobgoblins
  3 jackals (D:2)
  A quokka (D:1)
  5 ball pythons
  2 bats (D:1)
  13 frilled lizards
  9 goblins
  10 kobolds
  5 rats
70 creatures vanquished.

Notes
Turn   | Place    | Note
-------+----------+-------------------------------------------
     0 | D:1      | keekatzer the Draconian Monk began the quest for the Orb.
     0 | D:1      | Reached XP level 1. HP: 19/19 MP: 1/1
   124 | D:1      | Reached XP level 2. HP: 18/26 MP: 2/2
   476 | D:1      | Reached skill level 4 in Fighting
   590 | D:2      | Noticed Jessica
   616 | D:2      | Killed Jessica
   617 | D:2      | Reached XP level 3. HP: 29/34 MP: 3/3
   810 | D:2      | Reached XP level 4. HP: 34/41 MP: 4/4
  1697 | D:3      | Reached skill level 5 in Fighting
  1697 | D:3      | Reached XP level 5. HP: 27/48 MP: 5/5
  1728 | D:3      | Slain by an orc

Illustrated notes

Levels and vault maps discovered:
D:1:      dpeg_arrival_concentric_ovals, layout_basic, st_stairs_4,
          minmay_lizard_pond
D:2:      cheibrodos_helix_gallery, layout_basic, serial_corexii_hall,
          corexii_hall_statues_s, chequers_hall_statues_corner_a,
          corexii_hall_statues_i, minmay_goblin_outpost, uniq_jessica
D:3:      layout_basic, serial_shops, nicolae_lakefront_shop

Skill      XL: |  1  2  3  4 |
---------------+-------------+-----
Dodging        | 3 4 |  4.1
Fighting       | 4 5 |  5.1
Polearms       | |  3.0
Stealth        | |  1.7

Action                   |  1- 3 |  4- 6 || total
-------------------------+-------+-------++-------
Melee: Spear             |    99 |   135 ||   234
       Tailslap          |    14 |    16 ||    30
       Punch             |       |     1 ||     1
 Stab: Sleeping          |     3 |     2 ||     5
Armor: Skin              |    33 |    30 ||    63
Dodge: Dodged            |    59 |    70 ||   129
